 Dungeon Crawl Stone Soup version 0.16-a0-3192-g4847bf6 (webtiles) character file.

12126 Miyamura the Grappler (level 11, -6/107 HPs)
             Began as a Troll Wizard on Dec 17, 2014.
             Was a Priest of Qazlal.
             Mangled by a torpor snail (24 damage)
             ... on level 1 of the Lair of Beasts.
             The game lasted 00:44:33 (11464 turns).

Miyamura the Grappler (Troll Wizard)               Turns: 11464, Time: 00:44:33

Health: -6/107     AC: 14    Str: 17    XL:     11   Next: 58%
Magic:  20/21      EV: 12    Int: 18    God:    Qazlal [***...]
Gold:   713        SH:  3    Dex: 10    Spells: 3 memorised, 16 levels left

rFire  . . .     SeeInvis .       - Unarmed
rCold  . . .     Clarity  .     J - +2 robe {MR+}
rNeg   . . .     SustAb   .     (shield restricted)
rPois  .         Gourm    +     f - +2 hat
rElec  .         Spirit   .     v - +1 cloak
rCorr  .         Warding  .     (gloves unavailable)
rMut   +         Stasis   .     (boots unavailable)
MR     +....                    I - amulet of resist mutation
Stlth  +.........               K - +3 ring of protection
                                Q - +3 ring of intelligence

@: slowed, very slow, somewhat resistant to hostile enchantments, very
unstealthy
A: unfitting armour, claws 3, fast metabolism 3, gourmand, regeneration 2,
shaggy fur 1, tough skin 2
a: Upheaval, Elemental Force, Renounce Religion


You were on level 1 of the Lair of Beasts.
You worshipped Qazlal.
Qazlal was most pleased with you.
You were not hungry.

You visited 3 branches of the dungeon, and saw 13 of its levels.
You also visited: Sewer.

You collected 713 gold pieces.

Inventory:

Hand weapons
 B - the +7 trident of Cobwebs {drain, Int-3 Dex+3}
   (You found it on level 4 of the Dungeon)

   A truly terrible weapon, it drains the life of those it strikes.
   It affects your intelligence (-3).
   It affects your dexterity (+3).
Armour
 f - a +2 hat (worn)
 v - a +1 cloak (worn)
 J - a +2 robe of magic resistance (worn)
Magical staves
 F - an uncursed staff of death
Jewellery
 z - an uncursed amulet of resist corrosion
 I - an amulet of resist mutation (around neck)
 K - a +3 ring of protection (right claw)
 N - an uncursed ring of see invisible
 Q - a +3 ring of intelligence (left claw)
Magical devices
 e - a wand of frost (24)
 k - a wand of magic darts (36)
 G - a wand of fire (0)
 O - a wand of paralysis (1)
Scrolls
 a - a scroll of noise {unknown}
 i - 2 scrolls of identify
 l - a scroll of fog
 s - 3 scrolls of remove curse
 t - a scroll of amnesia
 u - 2 scrolls of enchant weapon
 w - 3 scrolls of enchant armour
 y - 3 scrolls of blinking
 M - a scroll of recharging
 P - 2 scrolls of magic mapping
 R - a scroll of holy word {unknown}
Potions
 b - 5 potions of curing
 h - a potion of lignification {unknown}
 m - a potion of agility {unknown}
 n - 4 potions of resistance
 o - 4 potions of brilliance
 p - a potion of poison {unknown}
 q - 2 potions of heal wounds
 r - 3 potions of flight
 C - a potion of restore abilities {unknown}
 D - 4 potions of haste {unknown}
 S - 2 potions of might
Books
 c - a book of Minor Magic

   Spells                             Type                      Level
   a - Magic Dart                     Conjuration                  1
   b - Blink                          Translocation                2
   c - Call Imp                       Summoning                    2
   d - Repel Missiles                 Charms/Air                   2
   e - Slow                           Hexes                        2
   f - Conjure Flame                  Conjuration/Fire             3
   g - Mephitic Cloud                 Conjuration/Poison/Air       3
 j - a book of Callings

   Spells                             Type                      Level
   a - Summon Small Mammal            Summoning                    1
   b - Call Imp                       Summoning                    2
   c - Call Canine Familiar           Summoning                    3
   d - Summon Guardian Golem          Hexes/Summoning              4
   e - Summon Lightning Spire         Summoning/Air                4
   f - Summon Ice Beast               Ice/Summoning                4
 A - a book of Summonings

   Spells                             Type                      Level
   a - Abjuration                     Summoning                    3
   b - Recall                         Summoning/Translocation      3
   c - Shadow Creatures               Summoning                    5
   d - Summon Demon                   Summoning                    5
   e - Summon Forest                  Summoning/Translocation      5
   f - Monstrous Menagerie            Summoning                    6
 E - a book of Control

   Spells                             Type                      Level
   a - Control Teleport               Charms/Translocation         4
   b - Control Undead                 Necromancy                   4
   c - Enslavement                    Hexes                        4
   d - Metabolic Englaciation         Hexes/Ice                    5
   e - Mass Confusion                 Hexes                        6
 H - a book of Transfigurations

   Spells                             Type                      Level
   a - Stoneskin                      Transmutation/Earth          2
   b - Irradiate                      Conjuration/Transmutation    5
   c - Statue Form                    Transmutation/Earth          6
   d - Hydra Form                     Transmutation                6
   e - Dragon Form                    Transmutation                7
Comestibles
 d - 9 meat rations
 g - 12 slices of pizza
 x - 4 fruits
 L - 4 bread rations
 T - a beef jerky


   Skills:
 + Level 6.7 Fighting
 + Level 7.2 Dodging
 - Level 1.1 Stealth
 + Level 8.5 Unarmed Combat
 + Level 6.0 Spellcasting
   Level 0.6 Conjurations
 + Level 3.0 Hexes
   Level 0.6 Summonings
 - Level 5.0 Translocations


You had 16 spell levels left.
You knew the following spells:

 Your Spells              Type           Power        Failure   Level  Hunger
a - Slow                  Hex            ###.....     6%          2    None
b - Blink                 Tloc           N/A          1%          2    None
c - Repel Missiles        Chrm/Air       #.....       17%         2    None


Dungeon Overview and Level Annotations

Branches:
Dungeon (11/15)            Temple (1/1) D:5            Lair (1/8) D:11
    Orc: D:9-12

Altars:
Ashenzari
Cheibriados
Dithmenos
Elyvilon
Fedhas
Gozag
Kikubaaqudgha
Makhleb
Nemelex Xobeh
Okawaru
Qazlal
Ru
Sif Muna
Trog
Vehumet
Xom
Yredelemnul
Zin
The Shining One

Shops:
D:6 }   D:11 (

Annotations:
D:9 Erolcha


Innate Abilities, Weirdness & Mutations

You are too large for most types of armour.
You have claws for hands.
Your metabolism is lightning-fast.
You like to eat raw meat.
You heal very quickly.
You are covered in fur (AC +1).
You have very tough skin (AC +2).


Message History

You scratch the torpor snail.
The torpor snail is moderately wounded.
The torpor snail bites you.
* * * LOW HITPOINT WARNING * * *
You are too injured to fight recklessly!
You are too injured to fight recklessly!
You are too injured to fight recklessly!
You are too injured to fight recklessly!
You are too injured to fight recklessly!
You barely miss the torpor snail.
The torpor snail is moderately wounded.
The torpor snail bites you!
* * * LOW HITPOINT WARNING * * *
You scratch the torpor snail but do no damage.
The torpor snail is moderately wounded.
The torpor snail barely misses you.
You claw the torpor snail!
The torpor snail is heavily wounded.
The torpor snail bites you!!
You die...

# ###.##.##
##.......
#.......#
#.#.......
.........#
#..$.... #....ยง#
#@## #########
##w###.......#
#ww.........#
##...........#
#.............##
#.#.............#
##.............##
#..............##
#...............#


You could see 3 torpor snails.

Vanquished Creatures
  A centaur warrior (D:9)
  2 hill giants (D:10)
  Joseph (D:8)
  A spiny frog (D:11)
  4 orange demons (D:11)
  2 kobold demonologists (D:10)
  A red devil (D:11)
  2 trolls (D:8)
  Prince Ribbit (D:5)
  2 two-headed ogres
  A deep elf mage (D:11)
  A hippogriff (Lair:1)
  2 hungry ghosts (D:7)
  A steam dragon (D:10)
  A deep elf fighter (D:10)
  A porcupine (Lair:1)
  Menkaure (D:5)
  2 water moccasins
  3 orc warriors
  4 sky beasts
  A yellow wasp (D:10)
  3 ice beasts
  A mottled dragon (D:11)
  An eye of draining (D:9)
  8 ogres
  A phantom (D:9)
  2 centaurs
  A necrophage (D:6)
  Duvessa (D:5)
  7 big kobolds
  3 giant frogs
  A crocodile (Lair:1)
  A wyvern zombie (D:11)
  3 scorpions
  4 killer bees (D:9)
  5 wights (D:11)
  5 crimson imps
  Dowan (D:5)
  A giant frog zombie (D:11)
  2 goliath beetles
  A jelly (D:5)
  7 orc wizards
  A giant frog skeleton (D:8)
  3 iguanas
  4 orc priests
  3 hounds
  4 centaur skeletons
  10 worker ants
  Ijyb (D:2)
  A hound skeleton (D:8)
  2 hound zombies
  2 worker ant zombies
  10 adders
  A shadow imp (D:6)
  3 giant mites
  An adder skeleton (D:4)
  4 giant geckos
  34 orcs
  4 bats
  A bat skeleton (D:7)
  A bat zombie (D:5)
  7 giant cockroaches
  15 hobgoblins
  11 jackals
  3 quokkas
  3 ball pythons
  5 giant newts
  13 goblins
  A jackal skeleton (D:5)
  35 kobolds
  25 rats
  4 plants (D:11)
306 creatures vanquished.

Vanquished Creatures (others)
  A two-headed ogre (D:10)
  A sky beast (D:6)
2 creatures vanquished.

Grand Total: 308 creatures vanquished

Notes
Turn   | Place    | Note
--------------------------------------------------------------
     0 | D:1      | Miyamura, the Troll Wizard, began the quest for the Orb.
     0 | D:1      | Reached XP level 1. HP: 16/16 MP: 3/3
   154 | D:1      | Reached XP level 2. HP: 24/24 MP: 3/3
   403 | D:1      | Reached skill level 1 in Unarmed Combat
   703 | D:1      | Reached skill level 1 in Fighting
   703 | D:1      | Reached XP level 3. HP: 23/33 MP: 5/5
  1281 | D:2      | Reached XP level 4. HP: 34/41 MP: 6/6
  1302 | D:2      | Noticed Ijyb
  1316 | D:2      | HP: 2/41 [Ijyb/wand of flame (12)]
  1318 | D:2      | Killed Ijyb
  1326 | D:2      | Learned a level 2 spell: Blink
  1329 | D:2      | Learned a level 2 spell: Repel Missiles
  1739 | D:3      | Found an opulent altar of Gozag.
  2036 | D:3      | Reached XP level 5. HP: 39/48 MP: 6/6
  2241 | D:4      | Reached skill level 1 in Translocations
  2408 | D:4      | Noticed an ogre
  2427 | D:4      | Killed an ogre
  2427 | D:4      | Reached XP level 6. HP: 53/57 MP: 8/8
  2454 | D:4      | Found a bloodstained altar of Trog.
  2864 | D:4      | Got a steaming trident
  2865 | D:4      | Identified the +7 trident of Cobwebs {drain, Int-3 Dex+3} (You found it on level 4 of the Dungeon)
  3487 | D:5      | Entered Level 5 of the Dungeon
  3487 | D:5      | Found a shadowy altar of Dithmenos.
  3503 | D:5      | Reached skill level 3 in Unarmed Combat
  3721 | D:6      | Learned a level 2 spell: Slow
  3759 | D:6      | Found Moiviog's Gadget Emporium.
  3808 | D:6      | Found a glowing drain.
  3827 | Sewer    | Entered a sewer
  3919 | Sewer    | Reached XP level 7. HP: 62/66 MP: 9/9
  3939 | Sewer    | Found a white marble altar of Elyvilon.
  4547 | D:6      | Reached skill level 4 in Unarmed Combat
  4608 | D:6      | Reached XP level 8. HP: 64/75 MP: 11/11
  5693 | D:8      | Noticed Joseph
  5715 | D:8      | Killed Joseph
  5715 | D:8      | Reached skill level 5 in Unarmed Combat
  5715 | D:8      | Reached XP level 9. HP: 40/84 MP: 14/14
  5974 | D:8      | Found a shimmering altar of Xom.
  5976 | D:8      | Found a snail-covered altar of Cheibriados.
  5977 | D:8      | Found a deep blue altar of Sif Muna.
  5978 | D:8      | Found a bloodstained altar of Trog.
  5978 | D:8      | Found a sparkling altar of Nemelex Xobeh.
  5978 | D:8      | Found a burning altar of Makhleb.
  5979 | D:8      | Found a basalt altar of Yredelemnul.
  6283 | D:5      | Noticed Prince Ribbit
  6327 | D:5      | Killed Prince Ribbit
  6327 | D:5      | Reached skill level 5 in Dodging
  6345 | D:5      | Noticed Menkaure
  6350 | D:5      | Killed Menkaure
  6444 | D:5      | Found a radiant altar of Vehumet.
  6522 | D:5      | Noticed Dowan
  6531 | D:5      | Killed Dowan
  6539 | D:5      | Noticed Duvessa
  6580 | D:5      | Killed Duvessa
  6788 | D:5      | Found a staircase to the Ecumenical Temple.
  6920 | Temple   | Entered the Ecumenical Temple
  7162 | Temple   | Became a worshipper of Qazlal Stormbringer
  7545 | D:8      | Reached skill level 6 in Unarmed Combat
  7797 | D:9      | Reached skill level 5 in Fighting
  7841 | D:9      | Noticed a centaur warrior
  8089 | D:9      | Killed a centaur warrior
  8089 | D:9      | Reached XP level 10. HP: 56/96 MP: 18/18
  8269 | D:9      | Found an ancient bone altar of Kikubaaqudgha.
  8303 | D:8      | Reached skill level 5 in Spellcasting
  8409 | D:8      | Acquired Qazlal's first power
  8647 | D:9      | Noticed Erolcha
  8661 | D:8      | Reached skill level 5 in Translocations
  8717 | D:9      | Noticed a four-headed hydra
  8894 | D:10     | Entered Level 10 of the Dungeon
  8919 | D:10     | Reached skill level 7 in Unarmed Combat
  9240 | D:10     | Noticed a hill giant
  9253 | D:10     | Killed a hill giant
  9253 | D:10     | Reached skill level 1 in Hexes
  9284 | D:10     | Acquired Qazlal's second power
  9394 | D:10     | Noticed a hill giant
  9406 | D:10     | Killed a hill giant
  9529 | D:10     | Noticed a sixfirhy
  9530 | D:10     | Reached XP level 11. HP: 95/105 MP: 20/20
 10792 | D:11     | Reached skill level 8 in Unarmed Combat
 11198 | D:11     | Found Hiytim's Weapon Emporium.
 11259 | D:11     | Found a staircase to the Lair.
 11358 | Lair:1   | Entered Level 1 of the Lair of Beasts
 11382 | Lair:1   | Acquired Qazlal's third power
 11464 | Lair:1   | Mangled by a torpor snail

Action                   |  1- 3 |  4- 6 |  7- 9 | 10-12 || total
-------------------------+-------+-------+-------+-------++-------
Melee: Unarmed           |   108 |   275 |   578 |   453 ||  1414
       Trident           |       |    10 |       |    23 ||    33
 Cast: Blink             |       |     1 |    11 |    24 ||    36
       Slow              |       |       |     2 |     5 ||     7
       Repel Missiles    |       |       |       |     1 ||     1
Evoke: Wand              |       |       |    10 |     3 ||    13
  Use: Scroll            |       |     8 |     6 |    11 ||    25
       Potion            |       |       |     1 |    10 ||    11
 Stab: Distracted        |     1 |       |       |       ||     1
       Sleeping          |       |       |     1 |       ||     1
  Eat: Chunk             |     6 |    26 |    44 |    25 ||   101
       Bread ration      |     1 |       |       |     1 ||     2
       Beef jerky        |       |       |     1 |       ||     1
